 Dungeon Crawl Stone Soup version 0.30-a0-368-g86fb4627a9 (webtiles) character file.

Game seed: 10635880335995208408

876 Anamonty the Trooper (level 8, -6/63 HPs)
             Began as a Barachi Hexslinger on Nov 19, 2022.
             Mangled by an ice beast (13 damage)
             ... on level 5 of the Dungeon.
             The game lasted 00:10:40 (4351 turns).

Anamonty the Trooper (Barachi Hexslinger)           Turns: 4351, Time: 00:10:41

Health: -6/63      AC:  3    Str: 10    XL:     8   Next: 4%
Magic:  13/13      EV: 13    Int: 13    God:
Gold:   42         SH:  0    Dex: 19    Spells: 9/13 levels left

rFire   . . .      SeeInvis .    m - +3 hand axe
rCold   . . .      Faith    .    (no shield)
rNeg    . . .      Spirit   .    i - +0 leather armour
rPois   .          Reflect  .    (no helmet)
rElec   .          Harm     .    x - scarf {repulsion}
rCorr   .          Rampage  .    (no gloves)
Will    .....                    (no boots)
Stlth   +.........               (no amulet)
HPRegen 0.30/turn                (no ring)
MPRegen 0.13/turn                (no ring)

@: mighty, unable to hop, repel missiles, slow
A: amphibious, slowness 1, strong legs 1, +LOS, agile 1, screaming 1, MP-powered
wands
a: Hop


You were on level 5 of the Dungeon.
You visited 2 branches of the dungeon, and saw 6 of its levels.

You collected 234 gold pieces.
You spent 192 gold pieces at shops.

Inventory:

Hand Weapons
 k - a +0 short sword
 m - a +3 hand axe (weapon)
 w - the +4 shortbow "Cagodun" {freeze, Int+3 Dex+3}
   (You bought it in a shop on level 4 of the Dungeon)

   Any ammunition fired from it freezes those it strikes, dealing additional
   cold damage.
   It can also slow down cold-blooded creatures.
   Int:       It affects your intelligence (+3).
   Dex:       It affects your dexterity (+3).
Missiles
 t - 5 curare-tipped darts
Armour
 c - a +0 robe
 e - a +0 cloak
 i - a +0 leather armour (worn)
 l - a +0 leather armour
 x - a scarf of repulsion (worn)
Wands
 v - a wand of polymorph (6)
Scrolls
 a - a scroll of immolation {unknown}
 b - a scroll of poison
 d - a scroll of noise
 g - a scroll of enchant armour {unknown}
 j - a scroll of enchant weapon {unknown}
 n - a scroll of vulnerability
 q - a scroll of summoning {unknown}
 r - a scroll of amnesia {unknown}
 s - 3 scrolls of identify
Potions
 f - a potion of resistance
 h - 3 potions of curing {unknown}
 o - a potion of magic {unknown}
 p - a potion of mutation
 u - 2 potions of might


   Skills:
 * Level 5.6 Fighting
 * Level 5.0 Ranged Weapons
 + Level 4.2 Dodging
 + Level 3.3 Spellcasting
 + Level 5.0 Hexes


You had 9 spell levels left.
You knew the following spells:

 Your Spells              Type           Power      Damage    Failure   Level
a - Slow                  Hex            60%        N/A       3%          1
b - Inner Flame           Hex/Fire       8%         N/A       32%         3

Your spell library contained the following spells:

 Spells                   Type           Power      Damage    Failure   Level
 Foxfire                  Conj/Fire      8%         2x1d4     30%         1
 Dazzling Flash           Conj/Hex       16%        N/A       32%         3
 Portal Projectile        Hex/Tloc       16%        N/A       32%         3
 Cause Fear               Hex            7%         N/A       36%         4
 Silence                  Hex/Air        4%         N/A       96%         5
 Agony                    Necr           2%         N/A       100%        5
 Fireball                 Conj/Fire      1%         3d3       100%        5
 Starburst                Conj/Fire      1%         6d3       100%        6


Dungeon Overview and Level Annotations

Branches:
Dungeon (5/15)             Temple (1/1) D:5

Altars:
Ashenzari
Dithmenos
Elyvilon
Fedhas
Hepliaklqana
Makhleb
Nemelex Xobeh
Okawaru
Qazlal
Sif Muna
Trog
The Shining One

Shops:
D:4 (

Annotations:
D:5 Eustachio


Innate Abilities, Weirdness & Mutations

You are amphibious.
You cover ground slowly.
You can hop short distances.
You have an extended range of vision and can be seen from far away.
You are agile. (Dex +4, Str/Int -1)
You occasionally shout uncontrollably at your foes.
You expend magic power (3 MP) to strengthen your wands.


Message History

You feel clever.
You feel agile.
The +4 shortbow "Cagodun" {freeze, Int+3 Dex+3} is covered in frost.
w - the +4 shortbow "Cagodun" (weapon)
{freeze, Int+3 Dex+3} Fire: w) +4 shortbow "Cagodun" {freeze, Int+3 Dex+3}
Press: ? - help, Q - select action, (/) - cycle Shift-Dir - straight line, f - ice beast
Aim: an ice beast (sparse dust, moderately wounded, 69% to hit)
You shoot an arrow. The arrow hits the ice beast.
The ice beast is moderately wounded.
Casting: Slow (safe; 2% risk of failure)
Confirm with . or Enter, or press ? or * to list all spells.
Aiming: Slow (safe; 2% risk of failure)
Press: ? - help, Shift-Dir - straight line, f/p - ice beast
Aim: an ice beast (moderately wounded, chance to affect: 51%)
The ice beast seems to slow down.
The +4 shortbow "Cagodun" {freeze, Int+3 Dex+3} stops glowing.
m - a +3 hand axe (weapon)
It was a potion of mutation.
You feel extremely strange.
You feel the urge to shout.
You feel agile.
You feel your magical essence link to the dungeon's wands.
The ice beast hits you but does no damage.
It was a potion of might.
You feel very mighty all of a sudden.
You barely miss the ice beast.
The ice beast is moderately wounded.
The ice beast hits you.
* * * LOW HITPOINT WARNING * * *
The ice beast freezes you!
* * * LOW HITPOINT WARNING * * *
You slash the ice beast!
The ice beast is severely wounded.
The ice beast barely misses you.
You closely miss the ice beast.
The ice beast is severely wounded.
The ice beast closely misses you.
You hit the ice beast.
The ice beast is almost dead.
The ice beast hits you.
* * * LOW HITPOINT WARNING * * *
The ice beast freezes you!
You die...

####<# #.....######.#
#.# ###+### #.# ##.#
#.#.## #.#
#..#####....# #.#
#........##.#######.#
#.##..#####.#.....#.#
#.##..####....###.#.#
#.##................#
#.##.@####....###.###
#.###Y#####.#.# #.###
#.# #.....#.#.# #...#
#.###.....#.#.# ###.#
#...........#.# #.#
#.)........##.# #.#
#.###.####.##.# #.#
#.# #.# #.##.# #.#
#r# #.# #.##.# #.#


You could see an ice beast (slow).

Vanquished Creatures
  Pikel (D:4)
  2 centaurs (D:5)
  2 lemures (D:4)
  A hound (D:4)
  A jelly (D:4)
  An iguana (D:5)
  6 adders
  An ufetubus (D:4)
  A worm (D:5)
  7 orcs (D:3)
  10 ball pythons
  7 bats
  3 endoplasms
  7 giant cockroaches
  6 goblins
  7 hobgoblins
  8 jackals
  4 quokkas
  A frilled lizard (D:2)
  5 kobolds
  3 rats
84 creatures vanquished.

Notes
Turn   | Place    | Note
-------+----------+-------------------------------------------
     0 | D:1      | Anamonty the Barachi Hexslinger began the quest for the
                  | Orb.
     0 | D:1      | Reached XP level 1. HP: 15/15 MP: 2/2
   196 | D:1      | Reached XP level 2. HP: 21/21 MP: 1/3
   812 | D:1      | Reached XP level 3. HP: 27/27 MP: 5/5
  1506 | D:2      | You fall into a shaft and drop 1 floor!
  1598 | D:2      | Reached XP level 4. HP: 34/34 MP: 6/6
  2233 | D:3      | Found a white marble altar of Elyvilon.
  2375 | D:3      | Found a faded altar of an unknown god.
  2584 | D:3      | Noticed a scorpion
  2770 | D:4      | Noticed a lemure
  2789 | D:4      | Killed a lemure
  2810 | D:4      | Noticed a lemure
  2838 | D:4      | Killed a lemure
  2847 | D:4      | Noticed Pikel
  2859 | D:4      | Noticed a lemure
  2863 | D:4      | Reached XP level 5. HP: 41/41 MP: 5/8
  2863 | D:4      | Noticed a lemure
  2866 | D:4      | Killed Pikel
  2867 | D:4      | Reached skill level 5 in Fighting
  2867 | D:4      | Reached XP level 6. HP: 51/51 MP: 5/10
  2867 | D:4      | Reached XP level 7. HP: 56/56 MP: 5/11
  3476 | D:4      | Found Wouxiro's Antique Weapon Emporium.
  3518 | D:4      | Bought a polished shortbow for 192 gold pieces
  3518 | D:4      | Identified the +4 shortbow "Cagodun" {freeze, Int+3 Dex+3}
                  | (You bought it in a shop on level 4 of the Dungeon)
  3641 | D:5      | Entered Level 5 of the Dungeon
  3766 | D:5      | Noticed Eustachio
  3766 | D:5      | HP: 2/56 [hound (1)]
  4063 | D:5      | Found a shimmering blue altar of Sif Muna.
  4068 | D:5      | Learned a level 3 spell: Inner Flame
  4088 | D:5      | Found a staircase to the Ecumenical Temple.
  4094 | Temple   | Entered the Ecumenical Temple
  4234 | D:5      | Reached skill level 5 in Ranged Weapons
  4234 | D:5      | Reached skill level 5 in Hexes
  4234 | D:5      | Reached XP level 8. HP: 46/63 MP: 11/13
  4346 | D:5      | Gained mutation: You occasionally shout uncontrollably at
                  | your foes. [potion of mutation]
  4346 | D:5      | Gained mutation: You are agile. (Dex +4, Str/Int -1)
                  | [potion of mutation]
  4346 | D:5      | Gained mutation: You expend magic power (3 MP) to
                  | strengthen your wands. [potion of mutation]
  4351 | D:5      | Mangled by an ice beast

Illustrated notes

Levels and vault maps discovered:
D:1:      dpeg_arrival_short_road, layout_loops_corners, chequers_arboretum
D:2:      layout_basic, minmay_goblin_kobold_house
D:3:      layout_loops_cross, elyvilon_altar_1,
          nicolae_ecumenical_snake_handling, serial_rivers,
          chequers_serial_rivers_micro_e, chequers_serial_rivers_marsh,
          chequers_serial_rivers_small_b, chequers_serial_rivers_small_b
D:4:      layout_basic, serial_shops, nicolae_shop_hallway_stairs, uniq_pikel
D:5:      layout_loops_ring, mainiacjoe_overflow_alcove_1,
          chequers_temple_overflow_minitemple, minmay_temple_entry_hall,
          uniq_eustachio, uniq_ijyb, uniq_duvessa
Temple:   eino_temple_lava

Skill      XL: |  1  2  3  4  5  6  7 |
---------------+----------------------+-----
Fighting       | 2 3 5 |  5.6
Ranged Weapons | 3 4 5 |  5.0
Dodging        | 3 4 |  4.2
Spellcasting   | 2 3 |  3.3
Hexes          | 4 5 |  5.0

Action                   |  1- 3 |  4- 6 |  7- 9 || total
-------------------------+-------+-------+-------++-------
Melee: Long sword        |     7 |       |       ||     7
       Short sword       |    62 |       |       ||    62
       Hand axe          |     1 |    79 |    45 ||   125
       Punch             |       |     1 |       ||     1
 Fire: Sling             |    87 |    38 |    19 ||   144
       Shortbow          |       |       |    10 ||    10
Throw: Dart              |       |     6 |       ||     6
 Cast: Slow              |     4 |     7 |     4 ||    15
 Abil: Hop               |     2 |     3 |     3 ||     8
Evoke: Wand              |       |     4 |       ||     4
  Use: Scroll            |       |     5 |       ||     5
       Potion            |       |     2 |     4 ||     6
Armor: Robe              |    24 |    16 |    17 ||    57
       Leather armour    |       |       |     1 ||     1
Dodge: Dodged            |    60 |    44 |    53 ||   157

Table legend: (Time is in decaauts)
 A = Elapsed time spent in this place.
 B = Non-inter-level travel time spent in this place.
 C = Inter-level travel time spent in this place.
 D = Time resting spent in this place.
 E = Time spent auto-exploring this place.
 F = Levels seen in this place.
 G = Mean time per level.
                   A        B        C        D        E       F      G
               +--------+--------+--------+--------+--------+-----+--------+
         Total |   5083 |   4754 |    329 |      0 |   3667 |   6 |  847.2 |
       Dungeon |   5025 |   4696 |    329 |      0 |   3627 |   5 | 1005.0 |
        Temple |     58 |     58 |      0 |      0 |     39 |   1 |   58.0 |
               +--------+--------+--------+--------+--------+-----+--------+

Top non-repeatable levels by time:
     D:1: 1288 daAuts
     D:3: 1121 daAuts
     D:2: 1108 daAuts
     D:4: 1051 daAuts
     D:5: 455 daAuts
  Temple: 58 daAuts
